Map: Dreamcatcher LE

Players

Swatopluke

  • Race: Protoss Protoss
  • League: Platinum
  • Spawn Location: 11:00

LittleStar - Winner!

  • Race: Terran Terran
  • League: Platinum
  • Spawn Location: 5:00

VOD

Have the link to the VOD?

Description

Time

  • Played on: Nov. 11, 2018, 8:22 p.m.
  • Length: 9:49
Show
View Real Time Build Order
Export as new Build Order

Swatopluke Protoss 

Build Orders:  

Get SALT Encoding   

  12  0:00  Probe  
  13  0:12  Probe  
  14  0:17  Pylon  
  14  0:25  Probe  
  15  0:35  Probe, Gateway  
  16  0:43  Probe  
  17  0:51  Assimilator  
  17  0:53  Probe  
  18  1:05  Probe  
  19  1:11  Assimilator  
  19  1:18  Probe  
  20  1:23  Cybernetics Core  
  21  1:35  Probe  
  21  1:46  Nexus  
  21  1:56  Probe  
  21  1:57  Assimilator  
  22  2:07  Pylon  
  22  2:15  Probe  
  22  2:18  Adept  
  23  2:28  Probe  
  25  2:40  Probe  
  25  2:48  Probe  
  23  2:55  Probe  
  23  2:56  Warp Gate, Probe  
  23  3:03  Probe  
  23  3:05  Adept  
  27  3:06  Probe  
  28  3:13  Probe  
  28  3:18  Probe  
  29  3:21  Gateway  
  29  3:28  Robotics Facility  
  29  3:36  Probe x2  
  30  3:46  Probe  
  29  3:49  Probe, Stalker  
  29  3:51  Pylon  
  29  3:54  Probe  
  34  4:09  Shield Battery  
  35  4:18  Immortal  
  38  4:24  Probe  
  38  4:25  Probe  
  38  4:31  Twilight Council  
  40  4:40  Probe x2  
  42  4:55  Twilight Council  
  42  5:00  Robotics Bay  
  42  5:01  Probe x2  
  42  5:03  Immortal  
  48  5:09  Stargate  
  48  5:13  Probe  
  49  5:19  Charge  
  49  5:22  Stalker  
  30  5:42  Probe x2  
  32  5:51  Probe  
  32  5:54  Probe  
  34  5:59  Probe  
  34  6:02  Probe  
  35  6:07  Probe, Phoenix  
  35  6:10  Probe  
  36  6:16  Probe  
  40  6:20  Probe  
  36  6:49  Probe, Phoenix  
  39  6:57  Probe  
  29  7:01  Probe  
  30  7:14  Probe  
  30  7:18  Probe  
  30  7:22  Probe  
  31  7:30  Probe  
  31  7:32  Probe  
  26  7:46  Probe  
  26  7:47  Probe  
  20  7:54  Probe  
  21  7:58  Phoenix  
  21  7:59  Probe  
  22  8:11  Probe  
  22  8:13  Probe  
  20  8:36  Phoenix  
  18  8:59  Probe  
  18  9:00  Probe  
  18  9:01  Zealot  
  22  9:05  Observer  
  22  9:12  Probe  
  22  9:14  Probe  
Show
View Real Time Build Order
Export as new Build Order

LittleStar Terran - Winner!

Build Orders: Reaper Expand 

Get SALT Encoding   

  12  0:01  SCV  
  13  0:13  SCV  
  14  0:17  Supply Depot  
  14  0:25  SCV  
  15  0:41  Barracks, Refinery  
  15  0:45  SCV  
  16  0:57  SCV  
  17  1:15  SCV  
  18  1:27  Reaper  
  18  1:28  SCV  
  20  1:37  Command Center  
  20  1:51  Orbital Command  
  20  2:03  Marine  
  20  2:05  Factory  
  21  2:14  Supply Depot  
  21  2:17  SCV  
  21  2:21  Marine  
  23  2:39  Marine  
  24  2:45  SCV  
  25  2:57  Marine  
  26  3:14  Marine  
  26  3:18  Factory Reactor  
  27  3:21  Starport, Refinery  
  27  3:26  SCV, Bunker  
  28  3:27  Engineering Bay  
  28  3:32  Marine  
  29  3:38  SCV  
  30  3:44  SCV  
  30  3:50  Marine  
  31  3:56  SCV  
  31  3:57  SCV  
  31  3:58  Supply Depot  
  31  3:59  Widow Mine x2  
  31  4:02  Medivac  
  39  4:08  Marine  
  40  4:10  Supply Depot  
  40  4:11  SCV  
  41  4:19  Missile Turret  
  41  4:20  Missile Turret  
  41  4:25  Widow Mine  
  41  4:29  Widow Mine  
  45  4:38  SCV  
  46  4:40  Bunker, Refinery  
  46  4:46  SCV  
  47  4:53  Widow Mine x2  
  47  4:56  Medivac  
  47  4:59  SCV, Planetary Fortress  
  54  5:11  SCV  
  55  5:15  Widow Mine x2  
  55  5:17  Refinery  
  59  5:54  Widow Mine  
  61  5:58  Ghost Academy  
  61  5:59  Ghost Academy  
  61  6:04  SCV, Barracks Tech Lab  
  61  6:05  Supply Depot  
  61  6:06  Supply Depot  
  61  6:09  Liberator, Supply Depot  
  62  6:19  Missile Turret x2  
  62  6:20  Missile Turret  
  62  6:26  SCV x2, Missile Turret  
  62  6:27  Widow Mine  
  69  6:39  SCV  
  66  7:22  SCV  
  65  7:24  SCV  
  66  7:34  SCV  
  60  7:46  SCV  
  60  7:47  SCV  
  60  7:54  Medivac, Widow Mine  
  60  7:55  Widow Mine  
  60  7:56  Personal Cloaking  
  66  7:58  SCV  
  66  7:59  SCV  
  66  8:04  Ghost Academy x2  
  68  8:06  Ghost Academy  
  68  8:08  Ghost Academy  
  68  8:11  SCV x2  
  70  8:13  Bunker  
  70  8:14  Engineering Bay  
  68  8:23  SCV x2  
  70  8:48  SCV  
  61  8:55  Ghost  
  61  8:57  Medivac  
  61  9:00  SCV  
  66  9:03  Supply Depot  
  66  9:05  Supply Depot  
  66  9:10  Supply Depot  
  66  9:13  Command Center  
Tags
 
Add a new tag
Caveats
  • Supply blocks, unpowered buildings, or Contaminate may cause inaccurate times.
  • Supply counts are checked every 10 seconds.